 Dungeon Crawl Stone Soup version 0.18-a0-1666-g3ea6f2b (webtiles) character file.

352 ShittyPlayer the Ruffian (level 6, -1/47 HPs)
             Began as a Demonspawn Berserker on Mar 31, 2016.
             Was a Believer of Trog.
             Succumbed to a worker ant's poison
             ... on level 5 of the Dungeon.
             The game lasted 00:06:01 (4817 turns).

ShittyPlayer the Ruffian (Demonspawn Berserker)     Turns: 4817, Time: 00:06:01

Health: -1/47      AC:  6    Str: 18 (19) XL:     6   Next: 34%
Magic:  6/6        EV: 11    Int: 10 (11) God:    Trog [**....]
Gold:   145        SH:  0    Dex: 13      Spells: 0 memorised, 5 levels left

rFire  . . .     SeeInvis .       - Unarmed
rCold  + . .     Gourm    .     f - +0 ring mail
rNeg   . . .     Faith    .     (no shield)
rPois  .         Spirit   .     (helmet restricted)
rElec  .         Dismiss  .     l - +0 cloak
rCorr  .         Reflect  .     (no gloves)
SustAt +         Harm     .     (no boots)
MR     .....                    (no amulet)
Stlth  +.........               w - ring of sustain attributes
                                k - +3 ring of intelligence

@: lethally poisoned (-1 -> -19), flying, not resistant to hostile enchantments,
very unstealthy
A: horns 1, talons 1, cold resistance 1, demonic guardian 1
a: Berserk, Trog's Hand, Burn Spellbooks, Renounce Religion


You were on level 5 of the Dungeon.
You worshipped Trog.
Trog was pleased with you.
You were very hungry.

You visited 1 branch of the dungeon, and saw 5 of its levels.

You collected 145 gold pieces.

Inventory:

Hand Weapons
 a - a +0 hand axe
Armour
 b - a +0 animal skin
 f - a +0 ring mail (worn)
 l - a +0 cloak (worn)
Jewellery
 k - a +3 ring of intelligence (left hand)
 r - a +5 ring of intelligence
 w - a ring of sustain attributes (right hand)
Scrolls
 d - 4 scrolls of identify {unknown}
 i - 5 scrolls of magic mapping {unknown}
 j - 6 scrolls of remove curse {unknown}
 p - 3 scrolls of teleportation {unknown}
 q - 3 scrolls of enchant weapon {unknown}
 s - a scroll of recharging {unknown}
 u - a scroll of fog {unknown}
 v - a scroll of blinking {unknown}
Potions
 c - a potion of might {unknown}
 e - a potion of cure mutation
 g - 2 potions of flight
 h - a potion of degeneration
 m - 2 potions of lignification {unknown}
 n - a potion of agility {unknown}
 x - a potion of heal wounds {unknown}
 z - a potion of brilliance {unknown}
Comestibles
 o - 5 meat rations
 t - 3 bread rations


   Skills:
 - Level 3.0 Fighting
 - Level 3.2 Axes
 - Level 1.7 Armour
 - Level 1.7 Dodging
 + Level 5.5 Unarmed Combat


You had 5 spell levels left.
You didn't know any spells.

Dungeon Overview and Level Annotations

Branches:
Dungeon (5/15)             Temple (0/1) D:4

Altars:
Fedhas


Innate Abilities, Weirdness & Mutations

You have a pair of small horns on your head.
You have sharp toenails.
Your flesh is cold resistant.
A weak demonic guardian rushes to your aid.


Message History

Drink which item? (? for menu, Esc to quit)
It was a potion of cure mutation.
It has a very clean taste.
* * * LOW HITPOINT WARNING * * *
You feel sick. The worker ant bites you!
* * * LOW HITPOINT WARNING * * *
You are more poisoned.
The worker ant poisons you!
Drink which item? (? for menu, Esc to quit)
It was a potion of flight.
You feel very buoyant.
You fly up into the air.
* * * LOW HITPOINT WARNING * * *
You feel sick. The worker ant closely misses you. The worker ant bites you.
* * * LOW HITPOINT WARNING * * *
Drink which item? (? for menu, Esc to quit)
It was a potion of degeneration.
There was something very wrong with that liquid.
You feel somewhat weakened.
You feel somewhat dopey.
You feel clumsy for a moment.
You die...

#######################
#...................#.##
#.#################..#.##
##.## ## ##.###.######
#...### ##.#
#.#...(.....# ......#
##...##.#.#.#.####.#
#...#.# #?..a@.###.#.##
^.....# ##.$.##.###.##
#####.# ##.# ##.#.## #
... #. ##.## # ##ยง #
#....# # . ####.# ### #
... ###


You could see a worker ant.

Vanquished Creatures
  A centaur (D:5)
  A howler monkey (D:5)
  2 hounds (D:4)
  A giant frog skeleton (D:4)
  8 adders
  An adder zombie (D:5)
  3 worms
  4 dart slugs
  5 giant geckos
  An orc (D:3)
  3 giant cockroaches (D:1)
  8 goblins
  7 hobgoblins
  2 jackals (D:3)
  2 quokkas
  A ball python (D:2)
  4 bats
  4 giant newts
  5 kobolds
  4 rats
67 creatures vanquished.

Notes
Turn   | Place    | Note
--------------------------------------------------------------
     0 | D:1      | ShittyPlayer the Demonspawn Berserker began the quest for the Orb.
     0 | D:1      | Reached XP level 1. HP: 18/18 MP: 1/1
   360 | D:1      | Gained mutation: You have sharp toenails. [demonic ancestry]
   360 | D:1      | Reached XP level 2. HP: 24/24 MP: 2/2
   738 | D:1      | Reached skill level 1 in Unarmed Combat
  1069 | D:1      | Reached XP level 3. HP: 7/29 MP: 3/3
  1530 | D:1      | Reached ** piety under Trog
  1530 | D:1      | Reached skill level 2 in Unarmed Combat
  2053 | D:2      | Gained mutation: A weak demonic guardian rushes to your aid. [demonic ancestry]
  2053 | D:2      | Reached XP level 4. HP: 35/35 MP: 4/4
  2292 | D:2      | Reached skill level 3 in Unarmed Combat
  3786 | D:4      | Found a staircase to the Ecumenical Temple.
  3841 | D:4      | Found a blossoming altar of Fedhas.
  3853 | D:4      | Reached skill level 4 in Unarmed Combat
  3853 | D:4      | Gained mutation: Your flesh is cold resistant. [demonic ancestry]
  3853 | D:4      | Reached XP level 5. HP: 39/41 MP: 5/5
  4635 | D:5      | Entered Level 5 of the Dungeon
  4636 | D:5      | Noticed a centaur
  4644 | D:5      | Killed a centaur
  4644 | D:5      | Reached skill level 5 in Unarmed Combat
  4644 | D:5      | Gained mutation: You have a pair of small horns on your head. [demonic ancestry]
  4644 | D:5      | Reached XP level 6. HP: 40/47 MP: 6/6
  4816 | D:5      | HP: 1/47 [worker ant (2)]
  4817 | D:5      | Succumbed to a worker ant's poison

Vault maps used:
D:1:      dpeg_arrival_simpleton_b, minmay_distorted
D:3:      first_bread
D:4:      fedhas_altar_2, temple_fountains
D:5:      gammafunk_temple_overflow_forgotten, kennysheep_mini_moat,
          nicolae_dithmenos_the_darkroom

Skill      XL: |  1  2  3  4  5 |
---------------+----------------+-----
Axes           | 3 |  3.2
Unarmed Combat | 1 2 4 5 |  5.5
Fighting       | |  3.0
Armour         | |  1.7
Dodging        | |  1.7

Action                   |  1- 3 |  4- 6 || total
-------------------------+-------+-------++-------
Melee: Hand axe          |    20 |       ||    20
       Unarmed           |   192 |   207 ||   399
Invok: Berserk           |     4 |       ||     4
  Use: Potion            |       |     3 ||     3
  Eat: Chunk             |     4 |     7 ||    11
       Bread ration      |     1 |       ||     1
